 Dungeon Crawl Stone Soup version 0.25-a0-161-gb7fd73da8f (webtiles) character file.

Game seed: 16573853155519107884, levelgen mode: deterministic

118 Leeroy the Slasher (level 4, -1/36 HPs)
             Began as a Draconian Skald on Nov 21, 2019.
             Slain by a quokka (4 damage)
             ... on level 2 of the Dungeon.
             The game lasted 00:03:51 (1413 turns).

Leeroy the Slasher (Draconian Skald)                Turns: 1413, Time: 00:03:51

Health: -1/36      AC:  5    Str: 14    XL:     4   Next: 72%
Magic:  3/7        EV: 12    Int: 14    God:
Gold:   79         SH:  0    Dex: 10    Spells: 1/7 levels left

rFire    . . .     SeeInvis .   a - +0 falchion
rCold    . . .     Gourm    .   (no shield)
rNeg     . . .     Faith    .   (armour unavailable)
rPois    .         Spirit   .   (helmet restricted)
rElec    .         Reflect  .   (no cloak)
rCorr    .         Harm     .   (no gloves)
MR       .....                  (no boots)
Stlth    +.........             (no amulet)
HPRegen  0.12/turn              (no ring)
MPRegen  0.10/turn              (no ring)

@: lethally poisoned (-1 -> -2)
A: unfitting armour, cold-blooded, AC +5
a: no special abilities


You were on level 2 of the Dungeon.
You were not hungry.

You visited 1 branch of the dungeon, and saw 3 of its levels.

You collected 79 gold pieces.

Inventory:

Hand Weapons
 a - a +0 falchion (weapon)
Jewellery
 f - an uncursed amulet of the acrobat {unknown}
 i - a +4 ring of evasion {unknown}
Scrolls
 b - 2 scrolls of remove curse {unknown}
 e - 5 scrolls of identify {unknown}
 h - a scroll of enchant weapon {unknown}
Potions
 d - a potion of brilliance {unknown}
 g - a potion of agility {unknown}
 j - a potion of heal wounds {unknown}
Comestibles
 c - 3 rations
 k - a chunk of flesh


   Skills:
 - Level 2.1 Fighting
 + Level 5.0 Long Blades
 - Level 2.1 Dodging
 - Level 2.0 Spellcasting
 - Level 2.6 Charms
 + Level 0.3 Translocations


You had one spell level left.
You knew the following spells:

 Your Spells              Type           Power        Failure   Level  Hunger
a - Infusion              Chrm           #...         8%          1    ##.....
b - Shroud of Golubria    Chrm/Tloc      #.....       19%         2    ###....
c - Spectral Weapon       Hex/Chrm       #.......     38%         3    ####...

Your spell library contained the following spells:

 Spells                   Type           Power        Failure   Level  Hunger
 Song of Slaying          Chrm           #.......     12%         2    ###....
 Regeneration             Chrm/Necr      #.........   38%         3    ####...


Dungeon Overview and Level Annotations

Branches:
Dungeon (3/15)

Altars:
Fedhas

Annotations:
D:3 Ijyb


Innate Abilities, Weirdness & Mutations

Your plain brown scales are hard. (AC +5)
You cannot fit into any form of body armour.
You are cold-blooded and may be slowed by cold attacks.


Message History

* * * LOW HITPOINT WARNING * * *
You barely miss the adder.
The adder is moderately wounded.
The quokka bites you but does no damage.
The adder bites you.
* * * LOW HITPOINT WARNING * * *
You are poisoned.
The adder poisons you!
Your shroud begins to fray at the edges.
You feel sick. The adder barely misses you.
You riposte.
You closely miss the adder.
The adder is moderately wounded.
The adder bites you but does no damage. The quokka barely misses you.
The quokka bites you.
* * * LOW HITPOINT WARNING * * *
You feel sick.
Your shroud bends the adder's attack away.
Your shroud unravels.
The quokka bites you.
You die...

#..♣♣........##..≈≈≈⌠..'.#
#..♣♣...>....)'..⌠≈≈≈..#.#
##............#...≈⌠...#..
##..#....((.##........###
####.......###......## #
####.#### ####'###### #S#
#.#..... #r# ##....... #@#
#........ ##### #.#
#.##..... ##...## #.#
##.#####.# #..#..######.#
#..# #.. #.###........###
#.## #.. ###.#
########...#####.######.#
##...# #.#..............#
##..### #.#####..####.....
#..## #.# ##.## #..###


You could see an adder and a quokka.

Vanquished Creatures
  A crimson imp (D:2)
  A worker ant zombie (D:3)
  3 adders
  A worm (D:2)
  2 leopard geckos
  A giant cockroach (D:1)
  8 goblins
  3 hobgoblins (D:1)
  5 jackals (D:1)
  5 kobolds
  2 bats (D:1)
  2 frilled lizards
  11 rats
45 creatures vanquished.

Notes
Turn   | Place    | Note
-------+----------+-------------------------------------------
     0 | D:1      | Leeroy the Draconian Skald began the quest for the Orb.
     0 | D:1      | Reached XP level 1. HP: 17/17 MP: 3/3
    55 | D:1      | Reached XP level 2. HP: 18/24 MP: 5/5
   129 | D:1      | Reached skill level 3 in Long Blades
   409 | D:1      | Learned a level 2 spell: Shroud of Golubria
   456 | D:2      | Reached XP level 3. HP: 24/29 MP: 3/6
   662 | D:2      | Reached skill level 4 in Long Blades
  1053 | D:2      | Reached XP level 4. HP: 18/36 MP: 2/7
  1058 | D:2      | Learned a level 3 spell: Spectral Weapon
  1138 | D:2      | Found a blossoming altar of Fedhas.
  1356 | D:3      | Reached skill level 5 in Long Blades
  1365 | D:3      | Noticed Ijyb
  1413 | D:2      | Slain by a quokka

Levels and vault maps discovered:
D:1:      dpeg_arrival_pond, layout_rooms, serial_glass, glass_columns_b,
          glass_columns_c, feat_on_display, feat_on_display,
          minmay_strange_pillars, minmay_strange_pillars
D:2:      layout_rooms, marbit_many_paths, kennysheep_another_room,
          serial_park_tiny_1
D:3:      layout_rooms, lemuel_doored_altar, nicolae_overflow_crystal_walls,
          lemuel_coloured_pillars_altar,
          grunt_temple_overflow_champion_of_chaos, first_ration, tgw_sif,
          uniq_grinder, uniq_ijyb

Skill      XL: |  1  2  3  4 |
---------------+-------------+-----
Long Blades    | 3 4 5 |  5.0
Fighting       | |  2.1
Dodging        | |  2.1
Spellcasting   | |  2.0
Charms         | |  2.6
Translocations | |  0.3

Action                   |  1- 3 |  4- 6 || total
-------------------------+-------+-------++-------
Melee: Falchion          |   168 |    35 ||   203
       Tailslap          |    19 |     1 ||    20
 Cast: Shroud of Golubri |     3 |     4 ||     7
       Infusion          |     1 |       ||     1
 Stab: Sleeping          |     1 |       ||     1
  Eat: Chunk             |     1 |     2 ||     3
Armor: Skin              |    52 |    19 ||    71
Dodge: Dodged            |   115 |    44 ||   159
       Rpst.: Falchion   |    35 |    14 ||    49

Table legend:
 A = Non-vault XP
 B = Vault XP
 C = Vault XP percentage of total XP
 D = Non-vault monster count
 E = Vault monster count
 F = Vault count percentage of total count
                 A         B        C        D         E       F
            +---------+---------+-------+---------+---------+-------
      Total |     168 |       1 |   0.6 |      44 |       1 |   2.2
            +---------+---------+-------+---------+---------+-------
        D:1 |      39 |       0 |   0.0 |      23 |       0 |   0.0
        D:2 |      94 |       1 |   1.1 |      15 |       1 |   6.2
        D:3 |      35 |       0 |   0.0 |       6 |       0 |   0.0
            +---------+---------+-------+---------+---------+-------
